 Dungeon Crawl Stone Soup version 0.31.0-32-g396128a36d (webtiles) character file.

Game seed: 11482259820687683958

201 Ijustatesigmund the Conjurer (level 5, 0/36 HPs)
             Began as an Octopode Conjurer on Mar 22, 2024.
             Slain by Eustachio
             ... wielding a +0 rapier
              (2 damage)
             ... on level 4 of the Dungeon.
             The game lasted 00:05:11 (3973 turns).

Ijustatesigmund the Conjurer (Octopode Conjurer)    Turns: 3973, Time: 00:05:11

Health: 0/36       AC:  1    Str:  6    XL:     5   Next: 79%
Magic:  2/10       EV: 13    Int: 23    God:
Gold:   200        SH:  0    Dex: 10    Spells: 3/10 levels left

rFire   . . .        e - +4 short sword
rCold   . . .        (no shield)
rNeg    . . .        (helmet restricted)
rPois   .            (no amulet)
rElec   .            (no ring)
rCorr   .            (no ring)
SInv    .            (no ring)
Will    .....        (no ring)
Stlth   +++          (no ring)
HPRegen 0.26/turn    (no ring)
MPRegen 0.12/turn    (no ring)
                     (no ring)

%: no passive effects
@: no status effects
A: almost no armour, amphibious, 8 rings, camouflage 1, gelatinous body 1,
(nimble swimmer 1), tentacles
a: no special abilities


You were on level 4 of the Dungeon.
You visited 1 branch of the dungeon, and saw 4 of its levels.

You collected 200 gold pieces.

Inventory:

Hand Weapons
 e - a +4 short sword (weapon)
Missiles
 g - 3 curare-tipped darts (quivered)
 n - a throwing net
Armour
 i - a +0 buckler
Scrolls
 b - 4 scrolls of identify {unknown}
 f - a scroll of teleportation {unknown}
 h - 3 scrolls of enchant weapon {unknown}
 j - a scroll of fear {unknown}
 m - a scroll of blinking {unknown}
 o - a scroll of vulnerability {unknown}
Potions
 a - 2 potions of magic
 c - a potion of mutation {unknown}
 d - a potion of attraction {unknown}
 k - a potion of heal wounds {unknown}
 l - 2 potions of curing {unknown}


   Skills:
 + Level 3.0 Fighting
 - Level 2.0 Dodging
 - Level 2.6 Stealth
 + Level 3.3 Spellcasting
 - Level 4.5 Conjurations
 + Level 1.9 Translocations


You had 3 spell levels left.
You knew the following spells:

 Your Spells              Type           Power      Damage    Failure   Level
a - Magic Dart            Conj           96%        1d7       1%          1
b - Searing Ray           Conj           48%        2d6       2%          2
c - Iskenderun's Mystic   Conj/Tloc      18%        2d6       28%         4

Your spell library contained the following spells:

 Spells                   Type           Power      Damage    Failure   Level
 Blink                    Tloc           24%        N/A       8%          2
 Dazzling Flash           Conj/Hex       28%        N/A       13%         3
 Call Imp                 Summ           6%         N/A       17%         2
 Cigotuvi's Dreadful Rot  Necr/Alch/Air  6%         N/A       17%         2
 Sublimation of Blood     Necr           3%         N/A       17%         2
 Volatile Blastmotes      Fire/Tloc      16%        2d11      22%         3
 Fulminant Prism          Conj/Alch      7%         3d7       41%         4
 Ignite Poison            Fire/Alch      3%         N/A       73%         4
 Freezing Cloud           Conj/Ice/Air   5%         6-21      86%         5
 Starburst                Conj/Fire      7%         6d4       100%        6
 Summon Hydra             Summ           1%         N/A       100%        7
 Maxwell's Capacitive Co  Air            1%         ∞         100%        8


Dungeon Overview and Level Annotations

Branches:
Dungeon (4/15)
 Temple: D:4-7

Altars:
Ashenzari

Shops:
D:1 :

Annotations:
D:4 Eustachio


Innate Abilities, Weirdness & Mutations

You cannot wear most types of armour.
You are amphibious.
You can wear up to eight rings at the same time.
Your skin changes colour to match your surroundings (Stealth+).
Your rubbery body absorbs attacks. (AC +1, EV +1)
((You are camouflaged when in or above water. (Stealth+)))
You have tentacles for arms and can constrict up to eight enemies at once.


Message History

Aiming: Searing Ray (safe; 2% risk of failure)
Press: ? - help, Shift-Dir - straight line, f/p - Eustachio
Aim: Eustachio, wielding a +0 rapier and wearing a +0 leather armour (moderately wounded, 71% to hit)
The searing ray hits Eustachio.
Eustachio is moderately wounded. (Press . to maintain the ray.) Eustachio hits you with a +0 rapier!
The searing ray hits Eustachio!
Eustachio is heavily wounded.
Eustachio hits you with a +0 rapier.
* * * LOW HITPOINT WARNING * * *
The searing ray hits Eustachio!
Eustachio is severely wounded.
Eustachio casts a spell.
The searing ray misses Eustachio.
You finish channelling your searing ray.
Eustachio closely misses you.
Okay, then.
Throw: 4 darts (curare)
Press: ? - help, Q - select action, (/) - cycle Shift-Dir - straight line, f/p - Eustachio
Aim: Eustachio, wielding a +0 rapier and wearing a +0 leather armour (severely wounded, 38% to hit)
You throw a curare-tipped dart.
The curare-tipped dart closely misses Eustachio.
The curare-tipped dart hits the river rat.
The river rat is poisoned.
The river rat struggles to breathe.
The river rat seems to slow down.
The river rat is almost dead.
Eustachio hits you with a +0 rapier!
* * * LOW HITPOINT WARNING * * *
Casting: Searing Ray (safe; 2% risk of failure)
Confirm with . or Enter, or press ? or * to list all spells.
Aiming: Searing Ray (safe; 2% risk of failure)
Press: ? - help, Shift-Dir - straight line, f/p - Eustachio
Aim: Eustachio, wielding a +0 rapier and wearing a +0 leather armour (severely wounded, 71% to hit)
The searing ray hits Eustachio!
Eustachio is almost dead. (Press . to maintain the ray.) Eustachio hits you with a +0 rapier.
You die...
Eustachio twirls his moustache.

#.#.. .. #..#.#.###...#
#. #.## ._.#.##...#
#...#####. #..##
...###...####.......##
##.
.#####...#.#.....#.....#
##
.......##..#.###>#+++###
.......†....# #.# #
...###..####### #
.####.###....[..# .
.....r@@?.......# .
.#######........#
#.######## ..# #.## ..
##. ..


You could see Eustachio and a river rat (summoned, very poisoned, slow).

Vanquished Creatures
  A bombardier beetle (D:4)
  A jelly (D:4)
  4 gnolls
  3 adders
  3 dart slugs
  4 orcs
  6 ball pythons
  5 bats
  6 endoplasms
  3 giant cockroaches
  2 goblins (D:1)
  6 hobgoblins
  5 kobolds
  4 quokkas
  4 frilled lizards
  4 rats
61 creatures vanquished.

Notes
Turn   | Place    | Note
-------+----------+-------------------------------------------
     0 | D:1      | Ijustatesigmund the Octopode Conjurer began the quest for
                  | the Orb.
     0 | D:1      | Reached XP level 1. HP: 11/11 MP: 3/3
   396 | D:1      | Reached XP level 2. HP: 18/18 MP: 0/5
   467 | D:1      | Learned a level 2 spell: Searing Ray
   526 | D:1      | Found Ysiyga's Book Shoppe.
   555 | D:1      | Reached skill level 1 in Fighting
  1118 | D:1      | Reached XP level 3. HP: 23/23 MP: 4/6
  1236 | D:1      | Found a faded altar of an unknown god.
  1740 | D:2      | Reached XP level 4. HP: 29/29 MP: 2/8
  1745 | D:2      | Learned a level 4 spell: Iskenderun's Mystic Blast
  2965 | D:3      | Reached skill level 1 in Translocations
  3465 | D:4      | Reached XP level 5. HP: 25/35 MP: 3/9
  3955 | D:4      | Found a broken altar of Ashenzari.
  3957 | D:4      | Noticed Eustachio
  3973 | D:4      | Slain by Eustachio

Illustrated notes

Levels and vault maps discovered:
D:1:      elethiomel_arrival_fortress_basement, layout_basic, serial_shops,
          nicolae_shop_tiny_real_fake_doors,
          shapermc_ecumenical_altar_mp_ritualfount
D:2:      layout_basic, st_stairs_8, hex_medium
D:3:      layout_loops_ring
D:4:      minmay_general_purpose_star, layout_rooms, nicolae_ashenzari_skybound,
          hangedman_decor_push, kennysheep_cross_bottleneck, uniq_eustachio

Skill      XL: |  1  2  3  4  5 |
---------------+----------------+-----
Fighting       | 1 2 3 |  3.0
Translocations | 1 |  1.9
Spellcasting   | 3 |  3.3
Dodging        | |  2.0
Stealth        | |  2.6
Conjurations   | |  4.5

Action                     |  1- 3 |  4- 6 || total
---------------------------+-------+-------++-------
  Melee: Unarmed           |     4 |       ||     4
         Constrict         |     4 |     1 ||     5
         Tentacles         |     1 |     1 ||     2
         Falchion          |     1 |       ||     1
         Short sword       |       |    11 ||    11
  Throw: Dart              |       |     3 ||     3
   Cast: Magic Dart        |    61 |    83 ||   144
         Searing Ray       |       |     4 ||     4
 Armour: Skin              |     3 |    11 ||    14
  Dodge: Dodged            |    11 |    11 ||    22
